 Dungeon Crawl Stone Soup version 0.31.0-32-g396128a36d (webtiles) character file.

Game seed: 906856825788038650

3686 Logoto the Cleaver (level 10, -3/90 HPs)
             Began as a Hill Orc Berserker on Mar 28, 2024.
             Was a Priest of Trog.
             Slain by a warg (16 damage)
             ... on level 10 of the Dungeon.
             The game lasted 00:22:06 (7387 turns).

Logoto the Cleaver (Hill Orc Berserker)             Turns: 7387, Time: 00:22:07

Health: -3/90      AC:  9    Str: 31    XL:     10   Next: 13%
Magic:  10/10      EV: 13    Int:  7    God:    Trog [***...]
Gold:   58         SH:  5    Dex: 14    Spells: 9/9 levels left

rFire   . . .        n - +0 war axe
rCold   . . .        (no shield)
rNeg    . . .        t - +2 leather armour of the Shoals {+Blink Str+2 Dex+4}
rPois   +            (no helmet)
rElec   .            F - +1 cloak of Cheibriados's Anger {Str+4 Stlth+}
rCorr   .            j - +0 pair of gloves
SInv    .            (no boots)
Will    .....        H - amulet of reflection
Stlth   +++          f - ring of poison resistance
HPRegen 0.35/turn    (no ring)
MPRegen 0.12/turn

%: reflection
@: on berserk cooldown
A: no striking features
a: Renounce Religion, Evoke Blink, Berserk, Trog's Hand


You were on level 10 of the Dungeon.
You worshipped Trog.
Trog was most pleased with you.
You visited 1 branch of the dungeon, and saw 10 of its levels.

You collected 474 gold pieces.
You spent 416 gold pieces at shops.

Inventory:

Hand Weapons
 n - a +0 war axe (weapon)
 D - the +11 whip "Ukhlof" {holy, ^Contam rC+++ Int+4 SInv}
   (You found it on level 7 of the Dungeon)

   Int+4:     It affects your intelligence (+4).
   rC+++:     It renders you almost immune to cold.
   SInv:      It lets you see invisible.
   ^Contam:   It causes magical contamination when unequipped.
Missiles
 x - 26 poisoned darts (quivered)
 E - a curare-tipped dart
Armour
 j - a +0 pair of gloves (worn)
 t - the +2 leather armour of the Shoals (worn) {+Blink Str+2 Dex+4}
   (You found it on level 4 of the Dungeon)

   Str+2:     It affects your strength (+2).
   Dex+4:     It affects your dexterity (+4).
   +Blink:    It lets you blink.
 B - a +1 leather armour of fire resistance
 F - the +1 cloak of Cheibriados's Anger (worn) {Str+4 Stlth+}
   (You found it on level 8 of the Dungeon)

   Str+4:     It affects your strength (+4).
   Stlth+:    It makes you more stealthy.
Jewellery
 f - a ring of poison resistance (left hand)
 H - an amulet of reflection (around neck)
Wands
 y - a wand of flame (26)
 C - a wand of charming (11)
Scrolls
 b - 2 scrolls of amnesia {unknown}
 c - a scroll of butterflies {unknown}
 d - 2 scrolls of enchant armour
 i - 2 scrolls of teleportation {unknown}
 k - 3 scrolls of enchant weapon {unknown}
 m - 2 scrolls of fear {unknown}
 q - a scroll of acquirement {unknown}
 r - 2 scrolls of poison {unknown}
 u - a scroll of immolation {unknown}
 G - 2 scrolls of fog {unknown}
 I - a scroll of vulnerability {unknown}
 K - a scroll of noise {unknown}
 L - a scroll of brand weapon {unknown}
Potions
 a - 3 potions of curing
 e - 3 potions of enlightenment
 g - a potion of attraction {unknown}
 h - a potion of magic {unknown}
 l - a potion of resistance {unknown}
 o - a potion of might {unknown}
 s - a potion of haste {unknown}
 v - 2 potions of ambrosia
 w - 2 potions of invisibility
 z - 2 potions of lignification
 A - a potion of brilliance {unknown}
 J - a potion of mutation {unknown}


   Skills:
 * Level 8.9 Fighting
 * Level 13.7 Axes
 + Level 0.5(7.3) Maces & Flails
 + Level 0.3 Throwing
 * Level 5.7 Armour
 + Level 3.8 Dodging
 + Level 2.2 Stealth
 + Level 0.3 Shields


You had 9 spell levels left.
You didn't know any spells.
Your spell library was empty.

Dungeon Overview and Level Annotations

Branches:
Dungeon (10/15)            Temple (0/1) D:6            Lair (0/5) D:8
    Orc: D:9-12

Altars:
Nemelex Xobeh
Ru
Sif Muna
Yredelemnul

Shops:
D:1 (=!=!   D:8 [?*=!

Annotations:
D:9 Erolcha


Message History

The warg closely misses you. The warg bites you but does no damage.
The orc warrior hits you with a +0 hand axe.
The warg barely misses you. The warg bites you!
* * * LOW HITPOINT WARNING * * *
The warg closely misses you. The warg bites you.
* * * LOW HITPOINT WARNING * * *
The warg attacks as it pursues you! The warg barely misses you.
You block the warg's attack.
You feel much better. The warg misses you. The warg bites you!!
The warg barely misses you. x2
The warg attacks as it pursues you! You block the warg's attack.
The warg bites you but does no damage. You block the warg's attack.
The orc warrior curses loudly.
The warg bites you!!
* * * LOW HITPOINT WARNING * * *
The warg bites you but does no damage. The warg barely misses you.
The warg barely misses you.
You feel much better. The warg bites you. The warg misses you.
The warg bites you! The warg barely misses you.
Erolcha casts a spell.
Erolcha blinks!
The warg bites you.
* * * LOW HITPOINT WARNING * * *
You feel yourself speed up. The warg barely misses you.
The warg attacks as it pursues you! The warg completely misses you.
There is a stone staircase leading down here.
The warg bites you!
* * * LOW HITPOINT WARNING * * *
The warg barely misses you.
You climb downwards.
Found 14 gold pieces.
There is a stone staircase leading up here.
You hit the warg but do no damage.
The warg is almost dead.
The warg bites you!
You die...

#.
#.###########.
#.............
#.............
#.............
#.............
#....h..$.....
#.....@.......
#..###########


You could see a warg.

Vanquished Creatures
  A cyclops (D:8)
  Grinder (D:5)
  Eustachio (D:4)
  A wyvern (D:6)
  A steam dragon (D:8)
  A water moccasin (D:3)
  Duvessa (D:5)
  An orc warrior (D:7)
  2 ice beasts
  2 centaurs
  A weeping skull (D:6)
  2 kobold brigands (D:7)
  A scorpion (D:5)
  4 bullfrogs
  Dowan (D:5)
  4 wights (D:7)
  3 howler monkeys (D:7)
  6 crimson imps (D:6)
  A hound (D:5)
  3 bombardier beetles
  A jelly (D:7)
  2 gnoll boudas
  5 orc priests
  Crazy Yiuf (D:6)
  3 iguanas
  8 orc wizards
  9 gnolls
  4 adders
  2 shadow imps (D:6)
  3 white imps
  2 ufetubi (D:6)
  A dart slug (D:1)
  21 orcs
  6 ball pythons
  4 bats
  9 endoplasms
  8 giant cockroaches
  4 hobgoblins
  6 quokkas
  6 frilled lizards
  8 goblins
  22 kobolds
  6 rats
  A spectral orc (D:6)
180 creatures vanquished.

Notes
Turn   | Place    | Note
-------+----------+-------------------------------------------
     0 | D:1      | Logoto the Hill Orc Berserker began the quest for the Orb.
     0 | D:1      | Reached XP level 1. HP: 19/19 MP: 1/1
    20 | D:1      | Found Bipiysm's Jewellery Emporium.
   103 | D:1      | Found Tepethrac's Distillery.
   107 | D:1      | Reached XP level 2. HP: 24/27 MP: 2/2
   259 | D:1      | Found Raod's Jewellery Shoppe.
   296 | D:1      | Found Lugomuz's Distillery.
   408 | D:1      | Found Nitesh's Weapon Shoppe.
   598 | D:1      | Reached XP level 3. HP: 31/33 MP: 3/3
  1025 | D:2      | Reached skill level 5 in Axes
  1149 | D:2      | Reached ** piety under Trog
  1583 | D:2      | Reached XP level 4. HP: 41/41 MP: 4/4
  2145 | D:3      | Noticed a water moccasin
  2152 | D:3      | Killed a water moccasin
  2153 | D:3      | Reached skill level 6 in Axes
  2153 | D:3      | Reached XP level 5. HP: 47/47 MP: 5/5
  2537 | D:4      | Identified the +2 leather armour of the Shoals {+Blink
                  | Str+2 Dex+4}
  2753 | D:4      | Noticed Eustachio
  2769 | D:4      | Killed Eustachio
  2770 | D:4      | Reached skill level 5 in Fighting
  2770 | D:4      | Reached skill level 7 in Axes
  2770 | D:4      | Reached skill level 1 in Stealth
  2770 | D:4      | Reached XP level 6. HP: 52/56 MP: 6/6
  2942 | D:4      | Found a sparkling altar of Nemelex Xobeh.
  3077 | D:5      | Entered Level 5 of the Dungeon
  3136 | D:5      | Noticed Duvessa
  3136 | D:5      | Noticed Dowan
  3150 | D:5      | Killed Duvessa
  3151 | D:5      | Reached XP level 7. HP: 61/61 MP: 7/7
  3162 | D:5      | Killed Dowan
  3163 | D:5      | Reached skill level 8 in Axes
  3482 | D:5      | Identified the +0 robe of Lugonu's Delight {rC+ rCorr Dex+2
                  | SInv}
  3522 | D:5      | Noticed Grinder
  3535 | D:5      | Killed Grinder
  3536 | D:5      | Reached skill level 9 in Axes
  3536 | D:5      | Reached XP level 8. HP: 70/70 MP: 8/8
  4230 | D:6      | Found a sacrificial altar of Ru.
  4288 | D:6      | Found a staircase to the Ecumenical Temple.
  4343 | D:6      | Found a basalt altar of Yredelemnul.
  4349 | D:6      | Reached *** piety under Trog
  4394 | D:6      | Reached skill level 10 in Axes
  4471 | D:6      | Found a shimmering blue altar of Sif Muna.
  4624 | D:6      | Noticed a wyvern
  4630 | D:6      | Killed a wyvern
  4763 | D:6      | Reached skill level 11 in Axes
  4768 | D:6      | Reached XP level 9. HP: 79/79 MP: 9/9
  4839 | D:6      | Found a runed translucent door.
  4840 | D:6      | Noticed Crazy Yiuf
  4980 | D:6      | Killed Crazy Yiuf
  5227 | D:7      | Identified the +11 whip "Ukhlof" {holy, ^Contam rC+++ Int+4
                  | SInv}
  5323 | D:7      | Reached skill level 12 in Axes
  5858 | D:7      | Reached skill level 5 in Armour
  5963 | D:8      | Found Voacuapn's Distillery.
  5968 | D:8      | Bought a potion of heal wounds for 60 gold pieces
  6131 | D:1      | Bought an amulet of reflection for 300 gold pieces
  6464 | D:8      | Found Oguphocaof's Armour Emporium.
  6481 | D:8      | Noticed a cyclops
  6492 | D:8      | Killed a cyclops
  6493 | D:8      | Reached skill level 13 in Axes
  6493 | D:8      | Reached XP level 10. HP: 90/90 MP: 10/10
  6547 | D:8      | Found Vuschuku's Magic Scroll Boutique.
  6553 | D:8      | Bought 2 scrolls of identify for 56 gold pieces
  6686 | D:8      | Found a staircase to the Lair.
  6930 | D:8      | Identified the +1 cloak of Cheibriados's Anger {Str+4
                  | Stlth+}
  6938 | D:8      | Found Mudy's Jewellery Emporium.
  7116 | D:8      | Found Filum's Assorted Antiques.
  7361 | D:9      | Noticed Erolcha
  7386 | D:10     | Entered Level 10 of the Dungeon
  7387 | D:10     | Slain by a warg

Illustrated notes

Levels and vault maps discovered:
D:1:      roderic_crossed_star, layout_loops_ring, serial_shops,
          nicolae_shop_temple_entry_statues_fountains,
          nicolae_shop_advertising_works [nicolae_subvault_shop_adworks], shop,
          nicolae_shop_peninsula, nicolae_shop_trees, serial_bayou_crossing
D:2:      layout_basic, minmay_misc_feat_tiny
D:3:      layout_basic
D:4:      layout_layer_cave, kennysheep_mini_moat, uniq_eustachio
D:5:      layout_basic, uniq_grinder, uniq_duvessa
D:6:      layout_rooms, yredelemnul_forgotten_temple_becter,
          mainiacjoe_overflow_paths, nicolae_ru_path_of_blood,
          minmay_temple_entry_statues_fountains, gup_sewer_entry_pipe,
          hangedman_abyss_or_decor_passed, minmay_nine_imps,
          uniq_crazy_yiuf_cottage
D:7:      layout_rooms
D:8:      layout_cave_pods, dpeg_oklobed_lair, serial_shops,
          nicolae_take_the_stairs, shop, nicolae_diamond_shop, shop, shop
D:9:      minmay_goldmine, layout_basic, gammafunk_temple_overflow_claw,
          erik_orc_4, uniq_erolcha
D:10:     layout_long_grid, minivault_19

Skill      XL: |  1  2  3  4  5  6  7  8  9 |
---------------+----------------------------+-----
Fighting       | 4 5 6 7 8 |  8.9
Axes           | 5 6 7 9 11 13 | 13.7
Dodging        | 2 3 |  3.8
Armour         | 3 4 5 |  5.7
Stealth        | 1 2 |  2.2
Maces & Flails | |  0.5
Throwing       | |  0.3
Shields        | |  0.3

Action                     |  1- 3 |  4- 6 |  7- 9 | 10-12 || total
---------------------------+-------+-------+-------+-------++-------
  Melee: Hand axe          |   116 |    47 |       |       ||   163
         War axe           |       |    57 |   209 |    20 ||   286
         Punch             |       |       |     3 |       ||     3
         Whip              |       |       |    22 |       ||    22
  Throw: Dart              |       |       |     4 |       ||     4
 Invoke: Berserk           |     2 |     7 |    11 |     3 ||    23
    Use: Scroll            |       |     3 |       |     4 ||     7
         Potion            |       |       |       |     2 ||     2
   Stab: Sleeping          |     1 |       |       |       ||     1
 Armour: Animal skin       |    29 |       |       |       ||    29
         Leather armour    |    23 |    49 |   135 |    38 ||   245
  Dodge: Dodged            |    58 |    62 |   117 |    30 ||   267
  Block: Other             |       |       |     6 |    10 ||    16
         Reflection        |       |       |       |     1 ||     1
